[Event "Titled Tuesday Blitz May 23 Late 2023"]
[White "Pakleza, Zbigniew"]
[Black "Gubajdullin, Alexei"]
[WhiteFideId "1119290"]
[BlackFideId "4141202"]
[WhiteElo "2410"]
[BlackElo "2279"]
[Result "1-0"]
[Round "11"]
[TimeControl "180+2"]
[Date "2023.05.23"]
[WhiteClock "0:00:05"]
[BlackClock "0:00:10"]

1. d4 Nf6 2. Nf3 g6 3. Bf4 Bg7 4. e3 O-O 5. Be2 d6 6. h3 Nc6 7. O-O e5 8. Bh2 Qe7 9. c4 h5 10. Nc3 e4 11. Nd2 h4 12. Nd5 Nxd5 13. cxd5 Nb4 14. Qb3 a5 15. Rac1 Bf5 16. a3 Nd3 17. Bxd3 exd3 18. e4 Bxh3 19. Qxd3 Bg4 20. Rc3 Rac8 21. Rfc1 Bh6 22. f3 Bd7 23. R1c2 h3 24. g4 f5 25. e5 Qg5 26. Nf1 fxg4 27. f4 Rxf4 28. Bxf4 Qxf4 29. Qxg6+ Kh8 30. Rf2 Qg5 31. Qxg5 Bxg5 32. e6 Bb5 33. Ng3 Bh4 34. Kh2 Rg8 35. Rxc7 Bg5 36. Rff7 Bd3 37. e7 Bh6 38. Rxb7 Bg6 39. Rf6 Bd3 40. Rxd6 Bg7 41. Rd8 Bg6 42. d6 Bxd4 43. Rxg8+ Kxg8 44. d7 Be5 45. e8=Q+ 1-0


[Site "https://www.chess.com"]

[Event "Titled Tuesday Blitz May 23 Late 2023"]
[White "Filgueira, Hernan"]
[Black "Makridis, Dimitrios"]
[WhiteFideId "101770"]
[BlackFideId "25864475"]
[WhiteElo "2363"]
[BlackElo "2277"]
[Result "1/2-1/2"]
[Round "11"]
[TimeControl "180+2"]
[Date "2023.05.23"]
[WhiteClock "0:01:14"]
[BlackClock "0:00:24"]

1. c4 c6 2. Nc3 d5 3. d4 Nf6 4. e3 g6 5. Nf3 Bg7 6. Be2 dxc4 7. Bxc4 O-O 8. O-O Nbd7 9. h3 Qc7 10. Qe2 e5 11. Bb3 exd4 12. exd4 Nb6 13. Bg5 Nfd5 14. Qd2 Be6 15. Ne4 Nd7 16. Rfe1 Rae8 17. Rac1 Bf5 18. Bxd5 Nb6 19. Nc3 Rxe1+ 20. Nxe1 cxd5 21. Nxd5 Qd7 22. Nf6+ Bxf6 23. Bxf6 Nd5 24. Be5 f6 25. Bg3 Rc8 26. Nf3 1/2-1/2


[Site "https://www.chess.com"]

[Event "Titled Tuesday Blitz May 23 Late 2023"]
[White "Ollier, Pablo"]
[Black "Rozman, Levy"]
[WhiteFideId "652318"]
[BlackFideId "2039877"]
[WhiteElo "2580"]
[BlackElo "2376"]
[Result "0-1"]
[Round "11"]
[TimeControl "180+2"]
[Date "2023.05.23"]
[WhiteClock "0:00:00"]
[BlackClock "0:00:02"]

1. d4 g6 2. c4 Bg7 3. Nc3 d6 4. Nf3 Bg4 5. e3 Nc6 6. Be2 e5 7. Nxe5 dxe5 8. Bxg4 exd4 9. exd4 Qxd4 10. O-O Qxd1 11. Rxd1 f5 12. Bf3 Nd4 13. Bxb7 Rb8 14. Bd5 c6 15. Bxg8 Rxg8 16. Kf1 Nc2 17. Rb1 Bxc3 18. Bf4 Rxb2 19. Rxb2 Bxb2 20. Rd2 Bc1 21. Re2+ Kd7 22. Bxc1 Nd4 23. Rd2 c5 24. Bb2 Rb8 25. Bxd4 cxd4 26. Rxd4+ Kc6 27. Ke2 Kc5 28. Rd7 Rb2+ 29. Kf3 Rxa2 30. Rxh7 Kxc4 31. Rg7 Ra6 32. h4 Kd5 33. Kf4 Ra4+ 34. Kg5 Rg4+ 35. Kf6 a5 36. Ra7 a4 37. g3 Kc5 38. h5 gxh5 39. Kxf5 Kb4 40. Ra8 Kb3 41. Rb8+ Rb4 42. Ra8 a3 43. Kg5 Ra4 44. Rb8+ Kc2 45. Rc8+ Kd2 46. Rd8+ Ke2 0-1


[Site "https://www.chess.com"]

[Event "Titled Tuesday Blitz May 23 Late 2023"]
[White "Horvath, Dominik"]
[Black "Potapova, Margarita"]
[WhiteFideId "1642561"]
[BlackFideId "14126869"]
[WhiteElo "2407"]
[BlackElo "2244"]
[Result "1-0"]
[Round "11"]
[TimeControl "180+2"]
[Date "2023.05.23"]
[WhiteClock "0:00:12"]
[BlackClock "0:00:03"]

1. e4 e6 2. Nf3 d5 3. Bd3 dxe4 4. Bxe4 Nf6 5. Nc3 Bb4 6. Bd3 O-O 7. O-O b6 8. Ne4 Be7 9. Nxf6+ Bxf6 10. Be4 c6 11. d4 Qc7 12. Bg5 Be7 13. Qd3 f5 14. Bxe7 Qxe7 15. Rfe1 Ba6 16. Qb3 fxe4 17. Rxe4 Bc8 18. Rae1 Qf6 19. h3 h6 20. Kh1 Kh8 21. Ne5 g5 22. R4e3 Qg7 23. Qd3 Rf6 24. Ng4 Rf8 25. Ne5 Rf6 26. Ng4 Rf5 27. d5 Rxd5 28. Qc4 Ba6 29. Qe4 Nd7 30. Qxe6 Nc5 31. Qxc6 Bb7 32. Re8+ Rxe8 33. Qxe8+ Qg8 34. Qh5 Rd6 35. Re8 Ne4 36. Rxg8+ Kxg8 37. Qe8+ Kg7 38. Qe7+ Kg8 39. f3 Ng3+ 40. Kh2 Nf1+ 41. Kg1 Rd1 42. Qe8+ Kg7 43. Qe7+ Kg8 44. Qxb7 Ng3+ 45. Kf2 1-0


[Site "https://www.chess.com"]

[Event "Titled Tuesday Blitz May 23 Late 2023"]
[White "Prohaszka, Peter"]
[Black "Veiga, Jose Francisco R P Neves"]
[WhiteFideId "726265"]
[BlackFideId "1930087"]
[WhiteElo "2626"]
[BlackElo "2320"]
[Result "1-0"]
[Round "11"]
[TimeControl "180+2"]
[Date "2023.05.23"]
[WhiteClock "0:00:14"]
[BlackClock "0:00:01"]

1. d4 e6 2. Nf3 c5 3. e3 Nf6 4. b3 b6 5. Bd3 Bb7 6. Nbd2 Be7 7. O-O O-O 8. Bb2 Nc6 9. dxc5 bxc5 10. c4 d6 11. Ng5 h6 12. Nge4 Ne5 13. Bxe5 dxe5 14. Nxf6+ Bxf6 15. Be4 Qc7 16. Qf3 Rad8 17. Rfd1 Bc8 18. Bc2 e4 19. Qxe4 g6 20. Rab1 Bb7 21. Qf4 Qxf4 22. exf4 Rd4 23. g3 Rfd8 24. Nf1 Bf3 25. Rxd4 Rxd4 26. Re1 g5 27. Re3 g4 28. h3 h5 29. hxg4 hxg4 30. Nh2 Rd2 31. Nxf3 Rxc2 32. Ne5 Rxa2 33. Nxg4 Bd4 34. Rf3 Rb2 35. f5 e5 36. Nf6+ Kf8 37. g4 Ke7 38. g5 a5 39. Kf1 Rb1+ 40. Kg2 Rb2 41. Kg3 Re2 42. Nd5+ Kf8 43. f6 e4 44. Rf5 e3 45. fxe3 Bb2 46. Rf4 Be5 47. Kf3 Bxf4 48. Kxe2 Bxg5 49. Kf3 Ke8 50. Ke4 Kd7 51. Kf5 Bh4 52. e4 Be1 53. e5 Bd2 54. Nf4 Bc1 55. e6+ fxe6+ 56. Nxe6 Be3 57. f7 1-0


[Site "https://www.chess.com"]

[Event "Titled Tuesday Blitz May 23 Late 2023"]
[White "Ibadov, Dashgyn"]
[Black "Goltsev, Dmitry"]
[WhiteFideId "24107514"]
[BlackFideId "24176710"]
[WhiteElo "2208"]
[BlackElo "2356"]
[Result "0-1"]
[Round "11"]
[TimeControl "180+2"]
[Date "2023.05.23"]
[WhiteClock "0:00:00"]
[BlackClock "0:00:02"]

1. d4 Nf6 2. Nf3 e6 3. Bf4 d5 4. e3 a6 5. Nbd2 c5 6. c3 Nc6 7. Bd3 Bd6 8. Bg3 Qe7 9. Ne5 Nd7 10. f4 g6 11. Ndf3 f6 12. Bxg6+ hxg6 13. Nxg6 Qh7 14. Nxh8 Qxh8 15. O-O b6 16. f5 Bxg3 17. hxg3 Nf8 18. dxc5 bxc5 19. c4 Ne7 20. cxd5 exd5 21. Rc1 c4 22. e4 dxe4 23. Nd4 Bd7 24. Rxc4 Rd8 25. Qe2 Qg8 26. g4 Nh7 27. b3 Ng5 28. Rd1 Nd5 29. Nc6 Bxc6 30. Rxc6 Qf7 31. Qxa6 e3 32. Qb5 Qd7 33. Qc5 Kf7 34. Ra6 e2 35. Re1 Kg8 36. Rxe2 Nf4 37. Re1 Qb7 38. Qc4+ Kg7 0-1


[Site "https://www.chess.com"]

[Event "Titled Tuesday Blitz May 23 Late 2023"]
[White "Domingo Nunez, Ruben"]
[Black "Musovic, Armin"]
[WhiteFideId "22245570"]
[BlackFideId "939935"]
[WhiteElo "2404"]
[BlackElo "2322"]
[Result "1/2-1/2"]
[Round "11"]
[TimeControl "180+2"]
[Date "2023.05.23"]
[WhiteClock "0:01:01"]
[BlackClock "0:00:08"]

1. c4 c5 2. Nc3 Nc6 3. g3 g6 4. Bg2 Bg7 5. Nf3 Nf6 6. O-O O-O 7. Rb1 d5 8. cxd5 Nxd5 9. d3 Bxc3 10. bxc3 Nxc3 11. Qc2 Nd4 12. Qb2 Nxb1 13. Nxd4 cxd4 14. Qxb1 Be6 15. Qxb7 Rb8 16. Qxa7 Rb1 17. a3 Qd7 18. Qxd7 Bxd7 19. Bf4 Rxf1+ 20. Kxf1 f6 21. Bd5+ Kg7 22. Bd2 e5 23. Ke1 Rc8 24. Bc4 h5 25. Bb4 h4 26. Kd2 hxg3 27. hxg3 Ba4 28. e3 dxe3+ 29. Kxe3 Rb8 30. Bd5 Bb5 31. Bc4 Bxc4 32. dxc4 Kf7 33. f4 exf4+ 34. Kxf4 Ke6 35. g4 Rd8 36. Ke4 f5+ 37. gxf5+ gxf5+ 38. Ke3 Rh8 39. a4 Rh3+ 40. Kd4 Rh4+ 41. Kc5 f4 42. a5 f3 43. Be1 Rh1 44. Bg3 Rg1 45. Bh4 Rh1 46. Bg3 Ra1 47. Kb6 Kd7 48. a6 Kc8 49. c5 Rb1+ 50. Kc6 Ra1 51. Kb6 Rb1+ 52. Kc6 Ra1 53. Kb6 1/2-1/2


[Site "https://www.chess.com"]

[Event "Titled Tuesday Blitz May 23 Late 2023"]
[White "Alex_Sahakyan2006"]
[Black "Deviprasath, Sharvesh"]
[BlackFideId "30938228"]
[WhiteElo "2683"]
[BlackElo "2168"]
[Result "1-0"]
[Round "11"]
[TimeControl "180+2"]
[Date "2023.05.23"]
[WhiteClock "0:00:01"]
[BlackClock "0:00:00"]

1. a3 g6 2. h4 Nf6 3. Nc3 d5 4. d4 c5 5. dxc5 d4 6. Na4 Nc6 7. b4 Bg7 8. Nf3 Bf5 9. g3 b5 10. Nb2 O-O 11. Bg2 e5 12. O-O e4 13. Bg5 exf3 14. Bxf3 Qd7 15. Bxf6 Bxf6 16. Nd3 Rfe8 17. a4 a6 18. Qd2 bxa4 19. Rxa4 Bh3 20. Rfa1 Rac8 21. Rxa6 Bg7 22. Qf4 Ne5 23. Ra7 Qe6 24. R1a6 Nxd3 25. cxd3 Qb3 26. Kh2 Be6 27. h5 gxh5 28. Bxh5 Rf8 29. Bg4 Bxg4 30. Qxg4 Rce8 31. Rh6 Qc2 32. Rf6 Rxe2 33. Kg2 Re1 34. Raxf7 1-0


[Site "https://www.chess.com"]

[Event "Titled Tuesday Blitz May 23 Late 2023"]
[White "Vlassov, Nikolai"]
[Black "Ognean, Mihnea-Ionut"]
[WhiteFideId "4103360"]
[BlackFideId "1232347"]
[WhiteElo "2324"]
[BlackElo "2215"]
[Result "1-0"]
[Round "11"]
[TimeControl "180+2"]
[Date "2023.05.23"]
[WhiteClock "0:00:21"]
[BlackClock "0:00:04"]

1. e4 c6 2. d4 d5 3. e5 Bf5 4. Nc3 e6 5. g4 Bg6 6. Nge2 c5 7. Be3 cxd4 8. Nxd4 Nc6 9. Bb5 Ne7 10. f4 a6 11. Bxc6+ bxc6 12. O-O Qd7 13. Na4 h5 14. f5 c5 15. Nxc5 Qc8 16. fxg6 Nxg6 17. Nd3 hxg4 18. Qxg4 Rh4 19. Qg3 Re4 20. Rf3 Qc4 21. Qf2 Nh4 22. Rxf7 Rg4+ 23. Kh1 Be7 24. Rf1 Ra7 25. b3 Qc8 26. Rf8+ Bxf8 27. Qxf8+ Kd7 28. Rf7# 1-0


[Site "https://www.chess.com"]

[Event "Titled Tuesday Blitz May 23 Late 2023"]
[White "Senft, Sean"]
[Black "Amburgy, Ryan"]
[WhiteFideId "2044960"]
[BlackFideId "30924820"]
[WhiteElo "1989"]
[BlackElo "2134"]
[Result "0-1"]
[Round "11"]
[TimeControl "180+2"]
[Date "2023.05.23"]
[WhiteClock "0:00:02"]
[BlackClock "0:01:01"]

1. d4 Nf6 2. c4 e6 3. Nc3 Bb4 4. Nf3 O-O 5. Bg5 h6 6. Bh4 b6 7. e3 Bb7 8. Bd3 d6 9. Qc2 Nbd7 10. O-O Bxc3 11. bxc3 Qe7 12. Nd2 e5 13. d5 Nc5 14. Bxf6 Qxf6 15. Ne4 Nxe4 16. Bxe4 g6 17. f4 exf4 18. Rxf4 Qe5 19. Raf1 f5 20. Bd3 Qxe3+ 21. Kh1 Rae8 22. R4f3 Qe5 23. Rg3 Kh7 24. Rh3 c6 25. Qd2 Qg7 26. Bc2 Re5 27. Rd3 cxd5 28. cxd5 Rfe8 29. h3 Re2 30. Qc1 Ba6 31. Rg3 Rxc2 32. Qxc2 Bxf1 33. Qa4 Re7 34. Qc6 Qe5 35. Rf3 Qe2 36. Rg3 f4 37. Rg4 f3 38. Qxd6 fxg2+ 39. Kh2 Qe5+ 40. Qxe5 Rxe5 41. Rd4 Re7 42. a4 Rd7 43. a5 Rd6 44. c4 Kg7 45. Rf4 g5 46. Rf3 Bxc4 47. Rc3 0-1


[Site "https://www.chess.com"]

[Event "Titled Tuesday Blitz May 23 Late 2023"]
[White "Chor, Kevin"]
[Black "Toniutti, Ezio"]
[WhiteFideId "2090740"]
[BlackFideId "113034"]
[WhiteElo "2636"]
[BlackElo "2215"]
[Result "0-1"]
[Round "11"]
[TimeControl "180+2"]
[Date "2023.05.23"]
[WhiteClock "0:00:07"]
[BlackClock "0:00:32"]

1. e4 e5 2. Nf3 Nc6 3. Bb5 a6 4. Ba4 d6 5. c3 f5 6. exf5 Bxf5 7. d4 e4 8. d5 exf3 9. Qxf3 Bxb1 10. O-O b5 11. Rxb1 Ne5 12. Qe2 bxa4 13. f4 Nf6 14. fxe5 dxe5 15. Qxe5+ Qe7 16. Qg3 O-O-O 17. Bg5 Qc5+ 18. Kh1 Bd6 19. Qd3 Kb7 20. b3 Rde8 21. bxa4+ Ka7 22. Rfe1 Ng4 23. Bh4 Rxe1+ 24. Rxe1 g5 25. Qe4 h5 26. h3 gxh4 27. hxg4 hxg4 28. Qxg4 h3 29. gxh3 Qf2 30. Qd4+ Qxd4 31. cxd4 Rxh3+ 32. Kg2 Ra3 33. Re2 Rxa4 34. Rd2 Ra5 35. Kf3 Rxd5 36. Ke4 Rh5 37. d5 Rh4+ 38. Kd3 Kb6 0-1


[Site "https://www.chess.com"]

[Event "Titled Tuesday Blitz May 23 Late 2023"]
[White "Zaitsev, Alexander"]
[Black "Manukyan, Sargis A."]
[WhiteFideId "4164490"]
[BlackFideId "13303970"]
[WhiteElo "2373"]
[BlackElo "2187"]
[Result "0-1"]
[Round "11"]
[TimeControl "180+2"]
[Date "2023.05.23"]
[WhiteClock "0:00:00"]
[BlackClock "0:00:34"]

1. e4 c5 2. Nf3 d6 3. d4 cxd4 4. Qxd4 Nf6 5. Nc3 Nc6 6. Bb5 Bd7 7. Bxc6 Bxc6 8. Bg5 e6 9. O-O-O h6 10. Bxf6 Qxf6 11. e5 dxe5 12. Nxe5 Be7 13. Nxc6 bxc6 14. Qd7+ Kf8 15. Qxc6 Rb8 16. Qc7 Re8 17. Ne4 Qg6 18. Nd6 Bxd6 19. Qxd6+ Kg8 20. g3 Kh7 21. Rhe1 Rc8 22. c3 Rb8 23. Qd3 f5 24. Re2 Rhc8 25. Rde1 Rb6 26. h3 Rcc6 27. g4 Qf6 28. gxf5 exf5 29. Re5 Qg5+ 30. Kc2 Rf6 31. R1e3 Qf4 32. Re2 Rbd6 33. Rd5 Rb6 34. b3 a6 35. Qe3 Qh4 36. Rxf5 Rbe6 37. Re5 Rxe5 38. Qxe5 Qxh3 39. Qe4+ Kg8 40. Qd5+ Kh7 41. Qd3+ Qf5 42. Qxf5+ Rxf5 43. Kd3 h5 44. Ke4 Kg6 45. f4 Kf6 46. Rg2 h4 47. Rh2 Rh5 48. c4 h3 49. b4 Rh4 50. Kf3 Kf5 51. Kg3 Rxf4 52. Rxh3 Rxc4 53. Rh4 Rc3+ 54. Kf2 Rc2+ 55. Ke3 Rxa2 56. Kd4 g5 57. Rh8 Kg4 58. Kc5 Kg3 59. Rg8 g4 0-1


[Site "https://www.chess.com"]

[Event "Titled Tuesday Blitz May 23 Late 2023"]
[White "Goroshkov, Maksym"]
[Black "Mickiewicz, Piotr"]
[WhiteFideId "14142716"]
[BlackFideId "1114891"]
[WhiteElo "2322"]
[BlackElo "2246"]
[Result "1-0"]
[Round "11"]
[TimeControl "180+2"]
[Date "2023.05.23"]
[WhiteClock "0:01:17"]
[BlackClock "0:01:19"]

1. e4 c5 2. d4 cxd4 3. c3 d3 4. Bxd3 Nc6 5. Nf3 g6 6. O-O Bg7 7. Nbd2 d6 8. Nb3 Nf6 9. Nbd4 O-O 10. Bg5 Bd7 11. Qd2 Rc8 12. Bh6 Qa5 13. Bxg7 Kxg7 14. Nxc6 Bxc6 15. Rfe1 e5 16. Nh4 h6 17. Re3 d5 18. exd5 Qxd5 19. Qc2 e4 20. Be2 g5 21. c4 Qe5 22. Nf3 Qc5 23. Nd2 Rfe8 24. Qc3 a5 25. Re1 Qb5 26. cxb5 1-0


[Site "https://www.chess.com"]

[Event "Titled Tuesday Blitz May 23 Late 2023"]
[White "Vega Gutierrez, Sabrina"]
[Black "Hamitevici, Vladimir"]
[WhiteFideId "2219026"]
[BlackFideId "13902393"]
[WhiteElo "2209"]
[BlackElo "2401"]
[Result "0-1"]
[Round "11"]
[TimeControl "180+2"]
[Date "2023.05.23"]
[WhiteClock "0:00:00"]
[BlackClock "0:00:05"]

1. e4 Nc6 2. d4 d6 3. Nc3 g6 4. h4 Nf6 5. Be2 h6 6. Be3 Bg7 7. h5 g5 8. f3 a6 9. Qd2 b5 10. Nd1 e6 11. Nf2 Nd7 12. O-O-O Nb6 13. b3 Bd7 14. Ngh3 e5 15. d5 Nd4 16. Bf1 Rc8 17. c3 c5 18. Kb1 b4 19. cxd4 exd4 20. Bxg5 hxg5 21. Nxg5 Qf6 22. Nd3 Bh6 23. f4 Bg4 24. Be2 Bxe2 25. Qxe2 O-O 26. Qg4 Kh8 27. Rdg1 c4 0-1


[Site "https://www.chess.com"]

[Event "Titled Tuesday Blitz May 23 Late 2023"]
[White "Machidon, Cristi"]
[Black "Morefield, Jason"]
[WhiteFideId "13904590"]
[BlackFideId "30920825"]
[WhiteElo "2355"]
[BlackElo "2171"]
[Result "1-0"]
[Round "11"]
[TimeControl "180+2"]
[Date "2023.05.23"]
[WhiteClock "0:00:40"]
[BlackClock "0:00:14"]

1. d4 g6 2. e4 d6 3. Nc3 Bg7 4. Nf3 Nc6 5. Be3 Bg4 6. Bb5 a6 7. Bxc6+ bxc6 8. h3 Bxf3 9. Qxf3 Qd7 10. O-O-O Rb8 11. g4 e6 12. e5 c5 13. Rhe1 cxd4 14. Bxd4 d5 15. Qd3 Ne7 16. Qxa6 O-O 17. Bc5 Rfc8 18. a3 Nc6 19. f4 g5 20. f5 Nxe5 21. fxe6 fxe6 22. Bd4 Nc6 23. Bxg7 Kxg7 24. Ne4 Rb6 25. Qd3 Qe7 26. Qc3+ Kg6 27. Nc5 Nd8 28. Rxd5 Rd6 29. Rde5 Qf7 30. Qe3 h6 31. Nxe6 Nc6 32. Re4 Rb8 33. Qc3 Qf2 34. Qg7# 1-0


[Site "https://www.chess.com"]

[Event "Titled Tuesday Blitz May 23 Late 2023"]
[White "Timmermans, Mark"]
[Black "Martic, Ivan"]
[WhiteFideId "1026399"]
[BlackFideId "929301"]
[WhiteElo "2460"]
[BlackElo "2360"]
[Result "0-1"]
[Round "11"]
[TimeControl "180+2"]
[Date "2023.05.23"]
[WhiteClock "0:00:02"]
[BlackClock "0:00:08"]

1. e4 c5 2. Nf3 d6 3. d4 cxd4 4. Nxd4 Nf6 5. Nc3 Nc6 6. Nd5 e6 7. Nxf6+ gxf6 8. Be3 a6 9. Be2 Bd7 10. O-O Qc7 11. c4 Be7 12. Rc1 O-O 13. Bh6 Rfc8 14. Qd3 Kh8 15. Nxc6 Bxc6 16. Bf3 Rg8 17. g3 Qa5 18. a3 Rg6 19. Bd2 Qd8 20. Bg2 b5 21. Rfd1 Qg8 22. cxb5 Bxb5 23. Qe3 Rb8 24. Bb4 Qd8 25. Rd2 a5 26. Bc3 Kg8 27. h4 h5 28. Qf3 Be8 29. Qxh5 Rb5 30. Qe2 f5 31. exf5 Rxf5 32. Be4 Bxh4 33. Bxf5 exf5 34. Re1 Bc6 35. Qh5 Bf6 36. Bxf6 Qxf6 37. Kf1 Rh6 38. Qd1 Rh1+ 39. Ke2 Qe5+ 40. Kd3 Rxe1 41. Qb3 Qe4+ 42. Kc3 Rc1+ 43. Rc2 Qe5+ 44. Kd2 Qe1+ 45. Kd3 Be4+ 46. Kd4 Qd1+ 47. Rd2 Qxb3 0-1


[Site "https://www.chess.com"]

[Event "Titled Tuesday Blitz May 23 Late 2023"]
[White "Bruedigam, Martin"]
[Black "Sun, Rick"]
[WhiteFideId "24608033"]
[BlackFideId "30909481"]
[WhiteElo "2331"]
[BlackElo "2169"]
[Result "0-1"]
[Round "11"]
[TimeControl "180+2"]
[Date "2023.05.23"]
[WhiteClock "0:00:02"]
[BlackClock "0:00:12"]

1. d4 d6 2. c4 Nf6 3. Nf3 g6 4. Nc3 Bg7 5. Bg5 O-O 6. e3 Nbd7 7. Be2 c5 8. d5 a6 9. O-O b5 10. cxb5 Qa5 11. b6 Qxb6 12. Qc2 Rb8 13. Rab1 Re8 14. Nd2 Nf8 15. Nc4 Qc7 16. e4 h6 17. Bd2 g5 18. Rfe1 Ng6 19. Bf1 Nd7 20. Na4 Nde5 21. Ba5 Qd7 22. Nab6 Qg4 23. Kh1 Nf4 24. Nxe5 Bxe5 25. Nc4 Bg7 26. Bc3 Bd7 27. Bxg7 Kxg7 28. Qc3+ f6 29. g3 Ng6 30. Bg2 Ne5 31. Nxe5 fxe5 32. b4 cxb4 33. Rxb4 Rbc8 34. Qb2 Rc7 35. Rb7 Rec8 36. Rxc7 Rxc7 37. Rc1 Rxc1+ 38. Qxc1 Qe2 39. Kg1 Bb5 40. a3 Bd3 41. h3 Bxe4 42. Qc7 Kf7 43. Qb6 Bxg2 44. Kxg2 Qb5 45. Qe3 Qxd5+ 46. Kh2 Qc5 47. Qe2 Ke6 48. Qh5 Qxf2+ 49. Kh1 Qf1+ 50. Kh2 Qf2+ 51. Kh1 Qf6 52. a4 e4 53. a5 Qf3+ 54. Qxf3 exf3 55. Kg1 Ke5 56. Kf2 Ke4 0-1


[Site "https://www.chess.com"]

[Event "Titled Tuesday Blitz May 23 Late 2023"]
[White "Ladan, Nicholas"]
[Black "HamedWafa4"]
[WhiteFideId "30918855"]
[WhiteElo "2167"]
[BlackElo "2638"]
[Result "1-0"]
[Round "11"]
[TimeControl "180+2"]
[Date "2023.05.23"]
[WhiteClock "0:00:07"]
[BlackClock "0:00:04"]

1. d4 Nf6 2. c3 g6 3. Bg5 Bg7 4. Nd2 d5 5. e3 O-O 6. Ngf3 c5 7. h3 Nc6 8. Bd3 Qb6 9. Qb3 c4 10. Qxb6 axb6 11. Bc2 Bf5 12. Bxf5 gxf5 13. Bxf6 Bxf6 14. g4 fxg4 15. hxg4 b5 16. g5 Bg7 17. Ke2 b4 18. Rh5 bxc3 19. bxc3 b5 20. Nh2 Ra3 21. Nb1 Ra4 22. a3 b4 23. cxb4 Nxb4 24. Nc3 Ra5 25. Ng4 Nc2 26. Rah1 Rb8 27. Rxh7 Rb2 28. Kf3 Nxd4+ 29. exd4 Rxa3 30. Kf4 Rxc3 31. R7h5 Rd2 32. Nh6+ Kf8 33. Nf5 Rxf2+ 34. Kg4 Rxf5 35. Kxf5 Bxd4 36. g6 fxg6+ 37. Kxg6 Rg3+ 38. Kf5 Kf7 39. Rh7+ Bg7 40. Kf4 Rd3 41. Rg1 Rd4+ 42. Kf3 Rd3+ 43. Ke2 e5 44. Rhxg7+ Ke6 45. R7g6+ Kf5 46. R6g5+ Ke4 47. R1g4# 1-0


[Site "https://www.chess.com"]

[Event "Titled Tuesday Blitz May 23 Late 2023"]
[White "Janaszak, Dawid"]
[Black "Korchmar, Vasiliy"]
[WhiteFideId "1119206"]
[BlackFideId "24131750"]
[WhiteElo "2220"]
[BlackElo "2370"]
[Result "0-1"]
[Round "11"]
[TimeControl "180+2"]
[Date "2023.05.23"]
[WhiteClock "0:00:08"]
[BlackClock "0:00:17"]

1. e4 c5 2. b3 d5 3. exd5 Nf6 4. Bb2 Nxd5 5. Nc3 Nf6 6. Nf3 g6 7. d4 Bg7 8. dxc5 Qa5 9. Bb5+ Bd7 10. Bxd7+ Nbxd7 11. c6 bxc6 12. O-O O-O 13. Qe2 Rfe8 14. Rfd1 Nb6 15. Qe5 Nfd5 16. Qxg7+ Kxg7 17. Nxd5+ Kg8 18. Nc7 Qf5 19. Nxa8 Rxa8 20. Nd4 Qf6 21. Rab1 Nd5 22. c4 Nf4 23. Nf3 Qf5 24. Be5 a5 25. Bxf4 Qxf4 26. Rd4 Qf5 27. Re1 a4 28. b4 a3 29. Rde4 Qf6 30. Nd4 Rd8 31. Nb3 Qb2 32. h4 Qxa2 33. R4e3 Qb2 34. R1e2 Qb1+ 35. Kh2 a2 36. b5 cxb5 37. cxb5 e6 38. b6 Rb8 39. Rc3 Rxb6 40. Rc8+ Kg7 41. Nd4 a1=Q 42. Nf3 Qh1+ 43. Kg3 Qaf1 44. Kf4 Qxe2 0-1


[Site "https://www.chess.com"]

[Event "Titled Tuesday Blitz May 23 Late 2023"]
[White "Perez, Maximiliano"]
[Black "Adla, Diego"]
[WhiteFideId "117234"]
[BlackFideId "100072"]
[WhiteElo "2344"]
[BlackElo "2377"]
[Result "1-0"]
[Round "11"]
[TimeControl "180+2"]
[Date "2023.05.23"]
[WhiteClock "0:01:15"]
[BlackClock "0:00:13"]

1. e4 e5 2. Nf3 Nc6 3. Bc4 Nf6 4. d3 Bc5 5. O-O O-O 6. Re1 d6 7. c3 a5 8. h3 h6 9. Nbd2 Be6 10. Bb5 Ne7 11. d4 Ba7 12. dxe5 dxe5 13. Nxe5 Ng6 14. Nxg6 fxg6 15. Qe2 Kh7 16. Nf3 Nh5 17. Bd3 Qf6 18. e5 Qf7 19. Be3 Nf4 20. Bxf4 Qxf4 21. Qe4 Qxe4 22. Bxe4 c6 23. b3 a4 24. c4 Bc5 25. Rad1 axb3 26. axb3 Ra2 27. Rf1 Rf4 28. Bb1 Rb2 29. Rd3 Bf5 30. Rdd1 Rxb3 31. Bxf5 gxf5 32. Rde1 Be7 33. e6 Rb2 34. Ne5 Rd4 35. Rd1 Re4 36. Rfe1 Bc5 37. Nd3 1-0


[Site "https://www.chess.com"]

[Event "Titled Tuesday Blitz May 23 Late 2023"]
[White "Ambartsumova, Karina"]
[Black "Blitz"]
[WhiteFideId "4166299"]
[WhiteElo "2240"]
[BlackElo "2485"]
[Result "1-0"]
[Round "11"]
[TimeControl "180+2"]
[Date "2023.05.23"]
[WhiteClock "0:00:59"]
[BlackClock "0:00:04"]

1. Nf3 d5 2. e3 Nf6 3. c4 c6 4. Nc3 e6 5. b3 Nbd7 6. Bb2 Bd6 7. Qc2 O-O 8. Be2 e5 9. cxd5 cxd5 10. Nb5 Bb8 11. Rc1 a6 12. Nc7 Ra7 13. Ba3 b5 14. Nxb5 axb5 15. Bxf8 Rc7 16. Qb2 Kxf8 17. Bxb5 e4 18. Nd4 Ne5 19. O-O Nfg4 20. h3 Qh4 21. Rxc7 Bxc7 22. Qa3+ Kg8 23. Qa8 Qd8 24. hxg4 Nxg4 25. g3 h5 26. Nc6 Qd6 27. Qxc8+ Kh7 28. Qf5+ g6 29. Qxf7+ Kh6 30. Ne7 Nxf2 31. Ng8+ Kg5 32. Qf4+ Qxf4 33. gxf4+ Kg4 34. Rxf2 1-0


[Site "https://www.chess.com"]

[Event "Titled Tuesday Blitz May 23 Late 2023"]
[White "Fiorito, Francisco"]
[Black "Santos Flores, Alberto"]
[WhiteFideId "180165"]
[BlackFideId "3601234"]
[WhiteElo "2341"]
[BlackElo "2235"]
[Result "1-0"]
[Round "11"]
[TimeControl "180+2"]
[Date "2023.05.23"]
[WhiteClock "0:00:05"]
[BlackClock "0:00:00"]

1. d4 d5 2. Nc3 Nf6 3. Bf4 e6 4. Nb5 Bb4+ 5. c3 Ba5 6. e3 O-O 7. Nf3 a6 8. Na3 Bb6 9. Bd3 c5 10. Ne5 Nc6 11. O-O Nxe5 12. dxe5 Nd7 13. Qh5 g6 14. Qf3 Bc7 15. Qg3 b5 16. e4 Bb7 17. exd5 Bxd5 18. Rfe1 Qb8 19. Re3 c4 20. Bb1 Bb6 21. Re1 Bc5 22. Nc2 Be7 23. Ne3 Qb7 24. h4 Be4 25. Bxe4 Qxe4 26. Ng4 Qc6 27. h5 Nb6 28. hxg6 fxg6 29. Nh6+ Kg7 30. Bg5 Bxg5 31. Qxg5 Nd5 32. Ng4 Rf5 33. Qh6+ Kg8 34. f3 Raf8 35. Re4 Rh5 36. Qd2 Kg7 37. Rd1 Rhf5 38. Qf2 h5 39. Nh2 Rf4 40. Rxf4 Rxf4 41. Nf1 Rf5 42. Re1 Qb6 43. Ng3 Qxf2+ 44. Kxf2 Rf8 45. Ne4 Nf4 46. Nc5 Rc8 47. Re4 Rxc5 48. Rxf4 Rxe5 49. Rd4 Rd5 50. Re4 Rd2+ 51. Kg3 Rxb2 52. Rxe6 Rxa2 53. Re7+ Kf6 54. Rb7 Ra3 55. Rb6+ Kg5 56. f4+ Kf5 57. Kh3 Rxc3+ 58. g3 Ra3 59. Rc6 a5 60. Rc5+ Kf6 61. Rxb5 c3 62. Rb6+ Kg7 63. Rb7+ Kh6 64. Rc7 a4 65. Rc6 Kg7 66. Rc7+ Kf6 67. Rc6+ Kf5 68. Rc4 Rb3 69. Rxa4 c2 70. Rc4 Rb2 71. Rc6 Ke4 72. Kh4 Kd3 73. Kg5 1-0


[Site "https://www.chess.com"]

[Event "Titled Tuesday Blitz May 23 Late 2023"]
[White "Bartel, Michal"]
[Black "Goncalves, Davi Sulzbacher"]
[WhiteFideId "1119257"]
[BlackFideId "2154510"]
[WhiteElo "2282"]
[BlackElo "2182"]
[Result "1-0"]
[Round "11"]
[TimeControl "180+2"]
[Date "2023.05.23"]
[WhiteClock "0:02:47"]
[BlackClock "0:01:49"]

1. e4 c5 2. Ne2 d5 3. exd5 Qxd5 4. Nbc3 Qd7 5. d4 e6 6. Be3 b6 7. dxc5 Bxc5 8. Bxc5 bxc5 9. Ne4 Na6 10. N2c3 Nf6 11. Bb5 1-0


[Site "https://www.chess.com"]